cohdb
Replays
Latest Replays
All Replays
Popular Replays
Top Player Replays
Match Explorer
How It Works
Community
CoH3 Stats
Reddit
Sign in to upload your games and track your stats! →
Sign in with Steam
Match 47117607
Unlisted
Match 47117607
Overview
Messages
Build Orders
End
Construct Barracks
Riflemen Squad
Riflemen Squad
M1 Mortar Team
Grenade Package
Riflemen Squad
Construct Medical Station
Construct Medical Station
Infantry Support Center
Construct Motor Pool
M1 Anti-tank Gun Team
M1 Mortar Team
Advanced Logistics
Riflemen Squad
Selects Advanced Infantry Battlegroup
Selects Advanced Infantry Battlegroup
Selects Advanced Infantry Battlegroup
Selects Ammunition Storage
Selects M2A1 105mm Howitzer Emplacement
Engineer Squad
M8 Greyhound Armored Car
EisbärSeb
象棋大师
Chompy
Gear-IV-G
dj pauly d gtl
Discksh
0
0
Comments
sign in to comment!
No comments posted yet!